 Dungeon Crawl Stone Soup version 0.22.0-27-ga576289 (webtiles) character file.

8512 Loudmushroom the Cleaver (level 11, -4/97 HPs)
             Began as a Minotaur Fighter on Aug 20, 2018.
             Was a High Priest of Okawaru.
             Slain by a nine-headed hydra (8 damage)
             ... on level 10 of the Dungeon on Aug 21, 2018.
             The game lasted 02:32:08 (11547 turns).

Loudmushroom the Cleaver (Minotaur Fighter)        Turns: 11547, Time: 02:32:08

Health: -4/97      AC: 23    Str: 21    XL:     11   Next: 10%
Magic:  12/14      EV:  9    Int:  7    God:    Okawaru [*****.]
Gold:   200        SH:  0    Dex: 13    Spells: 10/10 levels left

rFire    . . .     SeeInvis .   a - +3 war axe (chop)
rCold    . . .     Gourm    .   (no shield)
rNeg     + . .     Faith    .   G - +0 plate armour
rPois    .         Spirit   .   (helmet restricted)
rElec    .         Reflect  .   A - +0 cloak
rCorr    .         Harm     .   V - +0 pair of gloves of Amelioration {MR+ Int+2 Stlth+}
MR       +....                  x - +2 pair of boots
Stlth    ..........             (no amulet)
HPRegen  0.26/turn              K - +2 ring of slaying
MPRegen  0.14/turn              H - ring of positive energy

@: lethally poisoned (-4 -> -12), heroism
A: retaliatory headbutt, horns 2
a: Heroism, Finesse, Renounce Religion


You were on level 10 of the Dungeon.
You worshipped Okawaru.
Okawaru was extremely pleased with you.
You were not hungry.

You visited 1 branch of the dungeon, and saw 10 of its levels.

You collected 494 gold pieces.
You spent 294 gold pieces at shops.

Inventory:

Hand Weapons
 a - a +3 war axe of chopping (weapon)
 b - a +0 hunting sling
 k - a +0 shortbow
 N - a +0 blowgun
 O - a +0 blowgun
 R - a +0 short sword
 S - a +1 dire flail of venom
Missiles
 c - 8 tomahawks of returning
 e - 208 arrows
 h - 292 stones
 j - 2 javelins (quivered)
 v - 80 poisoned needles
 w - 5 bolts
 B - 11 tomahawks of dispersal
 D - 8 tomahawks
 M - 27 sling bullets
Armour
 g - a +2 ring mail of poison resistance
 x - a +2 pair of boots (worn)
 A - a +0 cloak (worn)
 G - a +0 plate armour (worn)
 P - a +2 large shield
 Q - a +1 ring mail of positive energy
 V - the +0 pair of gloves of Amelioration (worn) {MR+ Int+2 Stlth+}
   (You found it on level 10 of the Dungeon)

   It affects your intelligence (+2).
   It affects your resistance to hostile enchantments.
   It makes you more stealthy.
Jewellery
 H - a ring of positive energy (right hand)
 K - a +2 ring of slaying (left hand)
 L - an uncursed ring of fire
Wands
 t - a wand of acid (19)
 E - a wand of random effects (30)
 F - a wand of polymorph (9)
 J - a wand of iceblast (13)
Scrolls
 i - 5 scrolls of teleportation
 l - 3 scrolls of remove curse
 n - a scroll of blinking
 r - 3 scrolls of identify
 I - a scroll of magic mapping
Potions
 d - 3 potions of might
 m - 2 potions of flight
 p - 3 potions of cancellation
 q - 2 potions of lignification
 s - a potion of invisibility
 u - 2 potions of agility
 z - 4 potions of heal wounds {unknown}
 C - 6 potions of curing
 T - a potion of haste {unknown}
 U - a potion of magic {unknown}
Comestibles
 f - 18 rations
 o - 3 chunks of flesh


   Skills:
 + Level 9.0(14.0) Fighting
 * Level 11.4(16.4) Axes
 + Level 8.9(13.9) Armour
 + Level 9.0(14.0) Shields
 + Level 5.6 Invocations
 + Level 5.3 Evocations


You had 10 spell levels left.
You didn't know any spells.
Your spell library was empty.

Dungeon Overview and Level Annotations

Branches:
Dungeon (10/15)            Temple (0/1) D:7            Lair (0/6) D:10
    Orc (0/2) D:9

Altars:
Cheibriados
Fedhas
Gozag
Kikubaaqudgha
Nemelex Xobeh
Okawaru
Qazlal
Ru
Uskayaw
Xom
The Shining One
Beogh

Shops:
D:9 =(

Annotations:
D:5 3 runed doors, Gravenous's ghost, novice TrAM


Innate Abilities, Weirdness & Mutations

You reflexively headbutt those who attack you in melee.
You have a pair of horns on your head.


Message History

* * * LOW HITPOINT WARNING * * *
The eight-headed hydra bites you.
* * * LOW HITPOINT WARNING * * *
The eight-headed hydra bites you.
* * * LOW HITPOINT WARNING * * *
The eight-headed hydra completely misses you.
The eight-headed hydra bites you but does no damage.
The eight-headed hydra misses you.
You chop one of the eight-headed hydra's heads off!
The seven-headed hydra grows two more!
You slice the nine-headed hydra!! You headbutt the nine-headed hydra!
The nine-headed hydra is heavily wounded.
* * * LOW HITPOINT WARNING * * *
You feel sick.
The orc wizard mumbles some strange words.
The orc wizard blinks!
The nine-headed hydra bites you.
* * * LOW HITPOINT WARNING * * *
The nine-headed hydra bites you but does no damage.
The nine-headed hydra bites you!
You die...

.. .......o# #..
#.......# ...
#.......#########.
##.#
#.................
....##......
.........
#..#....#
#........ .
#......# +........
#. #@.).#
#........ ..
#.D..# #........
##. #....#
#........ #...
#....#####.#+####>
#...#.....[....#
#. #)()...>....#
#.
#..(#...#####..#
#.
#(((.#...#...#..#
#. ##.#
#...#...'..######.


You could see a nine-headed hydra and an orc wizard.

Vanquished Creatures
  Harold (D:7)
  The ghost of iamserjio the Cleaver, a novice GrBe of Trog (D:9)
  Pikel (D:7)
  A deep elf mage (D:10)
  A centaur skeleton (D:10)
  2 trolls
  A spectral meliai (D:9)
  A blink frog (shapeshifter) (D:10)
  A basilisk (shapeshifter) (D:10)
  2 hungry ghosts (D:9)
  A water moccasin (D:8)
  2 ice beasts
  6 orc warriors
  An eye of draining (D:10)
  A phantom (D:5)
  A sky beast (D:8)
  4 ogres
  6 centaurs
  3 big kobolds
  6 bullfrogs
  2 scorpions
  A water moccasin skeleton (D:8)
  A wyvern skeleton (D:8)
  5 killer bees
  A wight (D:9)
  5 howler monkeys
  A spectral bullfrog (D:9)
  3 crimson imps
  A quasit (D:8)
  2 centaur zombies
  A hound (D:6)
  Crazy Yiuf (D:2)
  A gnoll shaman (D:8)
  4 iguanas
  3 jellies
  5 orc priests
  4 orc wizards
  11 worker ants
  A hound zombie (D:6)
  A worker ant zombie (D:9)
  7 gnolls
  10 adders
  3 shadow imps
  5 oozes
  An adder zombie (D:9)
  2 worms
  2 dart slugs
  3 leopard geckos
  37 orcs
  5 bats
  6 giant cockroaches
  4 hobgoblins
  23 jackals
  4 quokkas
  10 frilled lizards
  4 goblins
  24 kobolds
  A leopard gecko skeleton (D:9)
  A leopard gecko zombie (D:7)
  10 rats
  4 fungi (D:2)
263 creatures vanquished.

Vanquished Creatures (others)
  A slave (D:7)
  An orc (D:7)
  A leopard gecko zombie (D:7)
3 creatures vanquished.

Grand Total: 266 creatures vanquished

Notes
Turn   | Place    | Note
-------+----------+-------------------------------------------
     0 | D:1      | Loudmushroom the Minotaur Fighter began the quest for the Orb.
     0 | D:1      | Reached XP level 1. HP: 19/19 MP: 0/0
     1 | D:1      | Found a runed door.
    23 | D:1      | Reached XP level 2. HP: 19/27 MP: 1/1
    25 | D:1      | Reached skill level 3 in Axes
    34 | D:1      | Reached XP level 3. HP: 22/33 MP: 2/2
   652 | D:1      | Reached XP level 4. HP: 40/40 MP: 3/3
  1570 | D:2      | Found a runed door.
  1891 | D:2      | Reached skill level 4 in Axes
  2031 | D:2      | Noticed Crazy Yiuf
  2034 | D:2      | Killed Crazy Yiuf
  2110 | D:3      | Reached XP level 5. HP: 40/47 MP: 4/4
  2529 | D:3      | Found a faded altar of an unknown god.
  2951 | D:4      | Reached skill level 5 in Axes
  2968 | D:4      | Reached XP level 6. HP: 55/55 MP: 5/5
  3020 | D:4      | Reached skill level 5 in Shields
  3191 | D:4      | Reached skill level 5 in Fighting
  3314 | D:4      | Reached skill level 5 in Armour
  4036 | D:5      | Entered Level 5 of the Dungeon
  4244 | D:5      | Reached XP level 7. HP: 54/61 MP: 6/6
  4397 | D:5      | Reached skill level 6 in Axes
  4397 | D:5      | Reached skill level 1 in Evocations
  4437 | D:5      | Found a runed gate.
  4454 | D:5      | Noticed Gravenous's ghost (novice TrAM)
  4659 | D:5      | Found an opulent altar of Gozag.
  4659 | D:5      | Found a stormy altar of Qazlal.
  4660 | D:5      | Found a sparkling altar of Nemelex Xobeh.
  4676 | D:5      | Found an iron altar of Okawaru.
  4693 | D:5      | Became a worshipper of Warmaster Okawaru
  4761 | D:5      | Found a hide-covered altar of Uskayaw.
  4787 | D:5      | Found a runed gate.
  4788 | D:5      | Found a runed gate.
  4789 | D:5      | Found a roughly hewn altar of Beogh.
  5319 | D:6      | Reached skill level 1 in Invocations
  5499 | D:6      | Reached XP level 8. HP: 58/70 MP: 8/8
  5612 | D:6      | Reached skill level 7 in Axes
  5624 | D:6      | Upgraded the game from 0.22.0-25-g7663229 to 0.22.0-27-ga576289
  5804 | D:6      | Reached * piety under Okawaru
  6542 | D:7      | Noticed Pikel
  6552 | D:7      | Killed Pikel
  6552 | D:7      | Reached ** piety under Okawaru
  6552 | D:7      | Reached skill level 8 in Axes
  6552 | D:7      | Reached XP level 9. HP: 55/78 MP: 7/10
  6719 | D:7      | Noticed Harold
  6755 | D:7      | Killed Harold
  6755 | D:7      | Reached *** piety under Okawaru
  6755 | D:7      | Reached skill level 9 in Axes
  6995 | D:7      | Found a staircase to the Ecumenical Temple.
  7051 | D:7      | Found a blossoming altar of Fedhas.
  7359 | D:7      | Found a sacrificial altar of Ru.
  7359 | D:7      | Found a faded altar of an unknown god.
  7364 | D:7      | Found a snail-covered altar of Cheibriados.
  7366 | D:7      | Found an ancient bone altar of Kikubaaqudgha.
  7368 | D:7      | Found a faded altar of an unknown god.
  7995 | D:8      | Found a glowing golden altar of the Shining One.
  8456 | D:8      | Reached **** piety under Okawaru
  8456 | D:8      | Reached XP level 10. HP: 88/88 MP: 12/12
  8497 | D:8      | Found a shimmering altar of Xom.
  8885 | D:9      | Reached skill level 10 in Axes
  9143 | D:9      | Found Haqar's Jewellery Shop.
  9149 | D:9      | Bought a +2 ring of slaying for 294 gold pieces
  9690 | D:9      | Found Bepteval's Antique Weapon Emporium.
  9843 | D:9      | Found a transporter.
  9845 | D:9      | Noticed iamserjio's ghost (novice GrBe)
  9979 | D:9      | Found a roughly hewn altar of Beogh.
  9981 | D:9      | Found a staircase to the Orcish Mines.
 10097 | D:9      | Found a transporter.
 10227 | D:9      | Killed iamserjio's ghost
 10227 | D:9      | Reached skill level 5 in Invocations
 10702 | D:10     | Entered Level 10 of the Dungeon
 10706 | D:10     | Reached skill level 5 in Evocations
 10945 | D:10     | Reached skill level 11 in Axes
 11181 | D:10     | Reached ***** piety under Okawaru
 11218 | D:10     | Found a staircase to the Lair.
 11225 | D:10     | Got a pair of pitted gloves
 11279 | D:10     | Identified the +0 pair of gloves of Amelioration {MR+ Int+2 Stlth+} (You found it on level 10 of the Dungeon)
 11360 | D:10     | Reached XP level 11. HP: 71/95 MP: 14/14
 11525 | D:10     | Noticed a deep elf mage
 11541 | D:10     | Killed a deep elf mage
 11542 | D:10     | Noticed a seven-headed hydra
 11547 | D:10     | HP: 4/97 [nine-headed hydra (3)]
 11547 | D:10     | Slain by a nine-headed hydra

Skill      XL: |  1  2  3  4  5  6  7  8  9 10 11 |
---------------+----------------------------------+-----
Axes           | 3 4 5 6 8 9 11 | 11.4
Armour         | 4 5 6 7 8 |  8.9
Shields        | 4 5 6 7 8 9 |  9.0
Fighting       | 4 5 6 7 8 9 |  9.0
Evocations     | 2 3 4 5 |  5.3
Invocations    | 1 3 4 5 |  5.6

Action                   |  1- 3 |  4- 6 |  7- 9 | 10-12 || total
-------------------------+-------+-------+-------+-------++-------
Melee: War axe           |    92 |   166 |   203 |   265 ||   726
       Headbutt          |    13 |    26 |    26 |    42 ||   107
 Fire: Hunting sling     |       |    19 |    50 |    21 ||    90
Invok: Heroism           |       |       |     3 |     5 ||     8
  Use: Scroll            |       |    15 |     3 |     2 ||    20
  Eat: Chunk             |       |    11 |    10 |     8 ||    29
       Ration            |       |       |     1 |     1 ||     2
Armor: Scale mail        |    42 |    69 |    11 |       ||   122
       Ring mail         |       |       |    34 |     4 ||    38
       Plate armour      |       |       |    63 |   103 ||   166
Dodge: Dodged            |    30 |    54 |    50 |    35 ||   169
Block: Shield            |    51 |    79 |   124 |    29 ||   283
       Large shield      |       |       |       |   165 ||   165
